 Dungeon Crawl Stone Soup version 0.26.1-10-gdfb7c7de75 (webtiles) character file.

Game seed: 5822494505189066980

220616 tardwrangler69 the Severer (level 18, -1/173 HPs)
             Began as a Minotaur Fighter on Mar 31, 2021.
             Was the Champion of the Shining One.
             Shot with an arrow by a deep elf master archer (19 damage)
             ... on level 3 of the Elven Halls.
             The game lasted 00:47:42 (39357 turns).

tardwrangler69 the Severer (Minotaur Fighter)      Turns: 39357, Time: 00:47:42

Health: -1/173     AC: 18    Str: 39    XL:     18   Next: 48%
Magic:  27/27      EV: 26    Int:  5    God:    the Shining One [******]
Gold:   2966       SH:  5    Dex: 21    Spells: 17/17 levels left

rFire    x . .     SeeInvis .   m - +1 battleaxe (vorpal)
rCold    . . .     Faith    .   (shield currently unavailable)
rNeg     + + +     Spirit   .   L - +1 ring mail "Voweet" {Str+6}
rPois    +         Reflect  +   j - +2 hat
rElec    +         Harm     .   V - +0 cloak
rCorr    .         Rampage  .   A - +1 pair of gloves "Jeralakh" {rElec rPois rF- Str+5}
Will     +....                  n - +0 pair of boots
Stlth    +.........             a - amulet "Unabann" {Reflect Str+4 SH+5}
HPRegen  0.38/turn              i - +4 ring of slaying
MPRegen  0.20/turn              T - +6 ring of dexterity

@: about to teleport, glowing
A: retaliatory headbutt, horns 2
}: 1/15 runes: gossamer
a: Renounce Religion, Divine Shield, Cleansing Flame, Summon Divine Warrior,
Brand Weapon With Holy Wrath


You were on level 3 of the Elven Halls.
You worshipped the Shining One.
The Shining One was exalted by your worship.
You visited 6 branches of the dungeon, and saw 31 of its levels.

You collected 3170 gold pieces.
You spent 204 gold pieces at shops.

Inventory:

Hand Weapons
 m - a +1 vorpal battleaxe (weapon)
Missiles
 N - 6 silver javelins (quivered)
Armour
 c - a +0 kite shield
 h - +0 ice dragon scales
 j - a +2 hat (worn)
 n - a +0 pair of boots (worn)
 A - the +1 pair of gloves "Jeralakh" (worn) {rElec rPois rF- Str+5}
   (You found it on level 9 of the Dungeon)

   It affects your strength (+5).
   It makes you vulnerable to fire.
   It insulates you from electricity.
   It protects you from poison.
 L - the +1 ring mail "Voweet" (worn) {Str+6}
   (You found it on level 6 of the Lair of Beasts)

   It affects your strength (+6).
 V - a +0 cloak (worn)
Jewellery
 a - the amulet "Unabann" (around neck) {Reflect Str+4 SH+5}
   (You acquired it on level 3 of the Elven Halls)

   [amulet of reflection]

   It shields you and reflects attacks.
   It affects your strength (+4).
   It affects your SH (+5).
 i - a +4 ring of slaying (left hand)
 G - an uncursed ring of protection from fire
 T - a +6 ring of dexterity (right hand)
Wands
 s - a wand of disintegration (38)
Scrolls
 b - 6 scrolls of immolation
 e - 14 scrolls of identify
 g - 5 scrolls of magic mapping
 k - a scroll of blinking
 l - 6 scrolls of enchant weapon
 t - 4 scrolls of fog
 u - a scroll of fear
 y - 8 scrolls of teleportation
 C - 10 scrolls of remove curse
 F - a scroll of holy word
 M - 6 scrolls of enchant armour
Potions
 d - 4 potions of might
 f - 4 potions of resistance
 o - 5 potions of lignification
 q - 2 potions of brilliance
 v - 4 potions of haste
 w - 2 potions of ambrosia
 z - 4 potions of flight
 D - 3 potions of cancellation
 J - 3 potions of berserk rage
 O - 4 potions of mutation
 U - 3 potions of curing
 Z - 3 potions of heal wounds


   Skills:
 * Level 18.4 Fighting
 - Level 20.1 Axes
 + Level 17.7 Armour
 + Level 16.1 Dodging
 - Level 3.6 Shields
 + Level 13.8 Invocations


You had 17 spell levels left.
You didn't know any spells.
Your spell library contained the following spells:

 Spells                   Type           Power        Failure   Level
 Animate Skeleton         Necr           0%           54%         1
 Apportation              Tloc           0%           54%         1
 Corona                   Hex            0%           54%         1
 Foxfire                  Conj/Fire      0%           54%         1
 Magic Dart               Conj           0%           54%         1
 Pain                     Necr           0%           54%         1
 Blink                    Tloc           N/A          67%         2
 Call Imp                 Summ           0%           67%         2
 Ensorcelled Hibernation  Hex/Ice        0%           67%         2
 Poisonous Vapours        Pois/Air       0%           67%         2
 Slow                     Hex            0%           67%         2
 Sublimation of Blood     Necr           0%           67%         2
 Confusing Touch          Hex            0%           88%         3
 Conjure Flame            Conj/Fire      0%           88%         3
 Dazzling Flash           Conj/Hex       0%           88%         3
 Gell's Gravitas          Tloc           0%           88%         3
 Ignite Poison            Fire/Tmut/Pois 0%           88%         3
 Inner Flame              Hex/Fire       0%           88%         3
 Lesser Beckoning         Tloc           0%           88%         3
 Mephitic Cloud           Conj/Pois/Air  0%           88%         3
 Stone Arrow              Conj/Erth      0%           88%         3
 Tukima's Dance           Hex            0%           88%         3
 Vampiric Draining        Necr           0%           88%         3
 Animate Dead             Necr           0%           99%         4
 Ice Form                 Ice/Tmut       0%           99%         4
 Petrify                  Tmut/Erth      0%           99%         4
 Sticky Flame             Conj/Fire      0%           99%         4
 Agony                    Necr           0%           100%        5
 Alistair's Intoxication  Tmut/Pois      0%           100%        5
 Fireball                 Conj/Fire      0%           100%        5
 Irradiate                Conj/Tmut      0%           100%        5
 Metabolic Englaciation   Hex/Ice        0%           100%        5
 Yara's Violent Unravell  Hex/Tmut       0%           100%        5
 Eringya's Noxious Bog    Tmut/Pois      0%           100%        6
 Freezing Cloud           Conj/Ice/Air   0%           100%        6
 Invisibility             Hex            0%           100%        6
 Ozocubu's Refrigeration  Ice            0%           100%        6
 Simulacrum               Ice/Necr       0%           100%        6


Dungeon Overview and Level Annotations

Branches:
Dungeon (15/15)            Temple (1/1) D:5            Lair (6/6) D:10
 Shoals (0/4) Lair:4       Spider (4/4) Lair:4        Slime (0/5) Lair:5
    Orc (2/2) D:12            Elf (3/3) Orc:2        Vaults (0/5) D:14
 Depths (0/5) D:15

Altars:
Ashenzari
Cheibriados
Dithmenos
Elyvilon
Fedhas
Gozag
Hepliaklqana
Kikubaaqudgha
Makhleb
Nemelex Xobeh
Okawaru
Qazlal
Ru
Sif Muna
Trog
Uskayaw
Wu Jian
Xom
Yredelemnul
Zin
The Shining One
Beogh
Jiyva

Shops:
D:6 (   D:7 (   D:15 *   Orc:2 =[**   Elf:1 *=}}!

Annotations:
D:8 3 runed translucent doors, Coolblue908's ghost, novice TrBe
Lair:4 exclusion: downstairs
Lair:5 1 runed translucent door, exclusion: oklob plant
Orc:1 exclusion: downstairs
Orc:2 exclusion: upstairs
Elf:1 2 transporters, rrossfarrar's ghost, adept FeBe


Innate Abilities, Weirdness & Mutations

You reflexively headbutt those who attack you in melee.
You have a pair of horns on your head.


Message History

The Tzitzimitl calls on the powers of darkness!
The deep elf demonologist convulses!
Your body is wracked with pain!
* * * LOW HITPOINT WARNING * * *
You hear a shout!
The earth elemental misses you. You furiously retaliate!
You headbutt the earth elemental, but do no damage.
Your surroundings suddenly seem different.
A deep elf blademaster comes into view. It is wielding two +0 rapiers.
The deep elf blademaster shouts!
You hear a shout!
A deep elf master archer comes into view.
As you read the scroll of teleportation, it crumbles to dust.
You feel strangely unstable.
A deep elf knight comes into view.
It is wielding the +9 staff of Olgreb {rPois∞}.
The deep elf master archer wields a +0 longbow.
The deep elf master archer shoots an arrow.
The arrow barely misses you.
You close the door.
The deep elf master archer shoots an arrow.
The arrow hits you!!
You die...

...................≈≈≈≈≈≈≈≈≈...##
≈≈≈≈≈≈≈≈≈≈≈≈≈≈≈≈≈≈≈≈≈#####≈≈≈..#
≈≈≈≈≈≈≈≈≈≈≈≈≈≈≈≈≈≈≈≈##...##≈≈..##
#####################.....##≈≈...
...................#.......#≈≈..#
.)...))............'...⌠...#≈≈).#
#+#####'##########'#.......#≈≈..#
..... #...##.....##≈≈..#
#........ #@..e##...##≈≈...#
#.....e.....+.....###'#≈≈≈...1
..###############...#..#≈≈...3e
#.. #...#..#≈≈..4§e #.
#...#..#≈≈....# #...'..#≈≈....#
###'#..#≈≈....# #...#..#≈≈....#
#...#..#≈≈....'


You could see a deep elf master archer.

Vanquished Creatures
  Nikola (Spider:2)
  Arachne (Spider:4)
  A deep elf blademaster (Elf:2)
  Agnes (D:15)
  An orc warlord (Orc:2)
  2 deep elf sorcerers (Elf:3)
  Aizul (Spider:3)
  Louise (Elf:2)
  5 emperor scorpions
  5 ghost moths (Spider:4)
  An ironheart preserver (D:14)
  Nessos (Orc:2)
  6 entropy weavers
  A deep elf annihilator (Elf:3)
  2 spark wasps (Spider:4)
  A fire dragon (D:12)
  Erolcha (D:10)
  A deep elf high priest (Elf:1)
  An ice dragon (D:11)
  6 boulder beetles
  9 hydras
  An anaconda (Lair:6)
  5 centaur warriors
  15 two-headed ogres
  24 dancing weapons
  3 tengu warriors
  A queen ant (D:10)
  3 ogre magi
  8 death yaks
  Sonja (Lair:5)
  14 deep elf knights
  4 unseen horrors
  2 deep trolls (Orc:2)
  A wizard (D:13)
  An unseen horror (shapeshifter) (D:12)
  A skeletal warrior (D:15)
  5 large abominations (D:13)
  5 deep elf archers
  A phantasmal warrior (D:15)
  A necromancer (D:15)
  11 orb spiders
  22 wolf spiders
  46 deep elf magi
  A lindwurm (Lair:5)
  2 orc knights
  A fire giant zombie (D:15)
  5 cyclopes
  5 orc sorcerers
  16 ugly things
  2 manticores
  12 elephants
  2 merfolk sirens (Lair:4)
  6 black mambas
  4 gargoyles
  A spriggan zombie (D:15)
  A rime drake (Lair:1)
  10 komodo dragons
  13 cane toads
  13 demonic crawlers
  5 kobold demonologists
  3 efreet
  A redback zombie (D:14)
  2 merfolk (Lair:4)
  21 jumping spiders
  A guardian mummy (D:15)
  3 meliai (D:13)
  13 polar bears
  7 hornets
  16 trolls
  A wolf spider simulacrum (D:15)
  2 raiju (Lair:6)
  A raiju (shapeshifter) (D:14)
  21 blink frogs
  A harpy skeleton (D:15)
  An ettin zombie (D:15)
  A centaur simulacrum (D:15)
  7 air elementals
  A spriggan skeleton (D:15)
  57 redbacks
  3 water elementals
  A shadow (D:15)
  28 tarantellas
  2 wyverns
  4 wraiths
  7 small abominations (D:13)
  Eustachio (D:6)
  6 basilisks
  34 yaks
  8 fire elementals
  5 wargs
  4 vampire mosquitoes
  Menkaure (D:7)
  A redback simulacrum (D:12)
  11 soldier ants
  Edmund (D:6)
  3 acid dragons (D:15)
  15 hell hounds (Lair:6)
  16 water moccasins
  25 orc warriors
  11 black bears (Lair:6)
  An ice beast (D:14)
  24 ogres
  A phantom (D:14)
  3 sky beasts
  A necrophage (D:14)
  30 wolves
  17 centaurs
  3 big kobolds
  3 earth elementals
  A gnoll sergeant (D:8)
  A wyvern zombie (D:13)
  16 bullfrogs
  A water moccasin zombie (D:7)
  3 jellies
  A wyvern skeleton (D:7)
  4 scorpions
  4 killer bees (D:7)
  5 wights (D:10)
  9 electric eels
  4 howler monkeys
  A crimson imp (D:8)
  5 hounds
  4 bullfrog zombies
  5 centaur zombies
  4 bullfrog skeletons
  17 orc priests
  9 centaur skeletons
  2 iguanas
  14 orc wizards
  21 worker ants
  2 hell rats (Lair:4)
  A hound zombie (D:10)
  A worker ant zombie (D:11)
  10 gnolls
  8 adders
  6 river rats (Lair:4)
  3 shadow imps
  4 white imps
  An ufetubus (D:8)
  An ooze (D:7)
  An adder zombie (D:5)
  A worm (D:2)
  2 dart slugs
  4 leopard geckos
  73 orcs
  A giant cockroach (D:1)
  7 goblins
  7 hobgoblins
  10 jackals (D:7)
  11 kobolds
  4 quokkas
  A ball python (D:3)
  5 bats
  6 frilled lizards
  A quokka zombie (D:5)
  7 rats
1062 creatures vanquished.

Vanquished Creatures (collateral kills)
  A deep elf knight (Elf:2)
1 creature vanquished.

Vanquished Creatures (others)
  An air elemental (Elf:1)
  2 floating eyes (Elf:1)
  An orc (D:10)
  A bush (Lair:6)
  64 fungi
  79 plants
  2 withered plants (D:15)
150 creatures vanquished.

Grand Total: 1213 creatures vanquished

Notes
Turn   | Place    | Note
-------+----------+-------------------------------------------
     0 | D:1      | tardwrangler69 the Minotaur Fighter began the quest for the
                  | Orb.
     0 | D:1      | Reached XP level 1. HP: 19/19 MP: 0/0
   213 | D:1      | Reached XP level 2. HP: 25/27 MP: 1/1
   305 | D:1      | Reached skill level 3 in Axes
   402 | D:1      | Reached skill level 1 in Dodging
   402 | D:1      | Reached XP level 3. HP: 26/33 MP: 2/2
   987 | D:2      | Found a snail-covered altar of Cheibriados.
  1041 | D:2      | Reached XP level 4. HP: 30/40 MP: 3/3
  1343 | D:2      | Found a blossoming altar of Fedhas.
  1520 | D:2      | Reached skill level 4 in Axes
  2070 | D:3      | Reached XP level 5. HP: 47/47 MP: 4/4
  2083 | D:3      | Found a basalt altar of Yredelemnul.
  2660 | D:4      | You fall into a shaft and drop 1 floor!
  2660 | D:5      | Entered Level 5 of the Dungeon
  2665 | D:5      | Found a staircase to the Ecumenical Temple.
  2694 | Temple   | Entered the Ecumenical Temple
  2927 | Temple   | Became a worshipper of the Shining One
  2971 | D:5      | Reached skill level 5 in Axes
  3109 | D:5      | Reached XP level 6. HP: 50/55 MP: 5/5
  3428 | D:6      | Reached skill level 5 in Fighting
  3428 | D:6      | Reached skill level 5 in Armour
  3517 | D:6      | Found a glowing silver altar of Zin.
  3546 | D:6      | Noticed Edmund
  3559 | D:6      | Killed Edmund
  3560 | D:6      | Reached skill level 6 in Axes
  3560 | D:6      | Reached XP level 7. HP: 44/61 MP: 6/6
  3568 | D:6      | Noticed Eustachio
  3647 | D:6      | Killed Eustachio
  3755 | D:6      | Found Jeyditeu's Antique Weapon Emporium.
  4100 | D:7      | Noticed Menkaure
  4106 | D:7      | Killed Menkaure
  4107 | D:7      | Reached skill level 7 in Axes
  4258 | D:7      | Reached * piety under the Shining One
  4329 | D:7      | Reached XP level 8. HP: 65/70 MP: 7/7
  4415 | D:7      | Found a shadowy altar of Dithmenos.
  4415 | D:7      | Found an ornate altar of the Wu Jian Council.
  4440 | D:7      | Found Liginem's Weapon Emporium.
  4862 | D:7      | Reached skill level 8 in Axes
  4966 | D:7      | Found an iron altar of Okawaru.
  5236 | D:7      | Found an opulent altar of Gozag.
  5236 | D:7      | Found a sparkling altar of Nemelex Xobeh.
  5255 | D:7      | Reached skill level 5 in Dodging
  5435 | D:7      | Got a sheer robe
  5446 | D:7      | Identified the cursed +1 robe of Antaoff {rPois Str+2} (You
                  | found it on level 7 of the Dungeon)
  5550 | D:8      | Found a white marble altar of Elyvilon.
  5603 | D:8      | Noticed a two-headed ogre
  5613 | D:8      | Killed a two-headed ogre
  5614 | D:8      | Reached skill level 9 in Axes
  5614 | D:8      | Reached XP level 9. HP: 35/79 MP: 8/8
  5879 | D:8      | Found a bloodstained altar of Trog.
  5937 | D:8      | Reached skill level 10 in Axes
  6190 | D:8      | Noticed a centaur warrior
  6192 | D:8      | Found a runed translucent gate.
  6192 | D:8      | Found a runed translucent gate.
  6192 | D:8      | Found a runed translucent gate.
  6193 | D:8      | Noticed Coolblue908's ghost (novice TrBe)
  6341 | D:8      | Found a broken altar of Ashenzari.
  6702 | D:9      | Got a pair of twisted gloves
  6713 | D:9      | Identified the +1 pair of gloves "Jeralakh" {rElec rPois
                  | rF- Str+5} (You found it on level 9 of the Dungeon)
  7319 | D:9      | Reached ** piety under the Shining One
  7535 | D:10     | Entered Level 10 of the Dungeon
  7778 | D:10     | Reached skill level 11 in Axes
  7861 | D:10     | Noticed Erolcha
  7883 | D:10     | Killed Erolcha
  7884 | D:10     | Reached XP level 10. HP: 90/90 MP: 9/9
  8399 | D:10     | Reached *** piety under the Shining One
  8502 | D:10     | Reached skill level 12 in Axes
  8609 | D:10     | Noticed a queen ant
  8634 | D:10     | Killed a queen ant
  9017 | D:10     | Reached XP level 11. HP: 88/99 MP: 10/10
  9239 | D:10     | Found a staircase to the Lair.
  9326 | D:10     | Found a sparkling altar of Nemelex Xobeh.
  9703 | D:11     | Noticed an unseen horror
  9709 | D:11     | Killed an unseen horror
  9710 | D:11     | Reached skill level 10 in Fighting
  9710 | D:11     | Reached skill level 13 in Axes
  9710 | D:11     | Reached skill level 10 in Armour
 10287 | D:11     | Noticed a purple ugly thing
 10293 | D:11     | Killed a purple ugly thing
 10317 | D:11     | Noticed a centaur warrior
 10325 | D:11     | Killed a centaur warrior
 10481 | D:11     | Reached **** piety under the Shining One
 10485 | D:11     | Noticed an ice dragon
 10519 | D:11     | HP: 2/101 [ice dragon (5)]
 10520 | D:11     | Killed an ice dragon
 10521 | D:11     | Reached skill level 14 in Axes
 11412 | D:12     | Noticed a red ugly thing
 11412 | D:12     | Noticed a two-headed ogre
 11413 | D:12     | Found a staircase to the Orcish Mines.
 11779 | Lair:1   | Entered Level 1 of the Lair of Beasts
 11791 | Lair:1   | Reached XP level 12. HP: 97/110 MP: 11/11
 12388 | Lair:1   | Reached skill level 10 in Dodging
 12749 | Lair:2   | Noticed a seven-headed hydra
 12754 | Lair:2   | Killed an 11-headed hydra
 12814 | Lair:2   | Reached skill level 15 in Axes
 13877 | Lair:3   | Noticed a death yak
 13877 | Lair:3   | Noticed a death yak
 13879 | Lair:3   | Noticed a death yak
 13883 | Lair:3   | Noticed a death yak
 13884 | Lair:3   | Killed a death yak
 13884 | Lair:3   | Noticed a death yak
 13888 | Lair:3   | Killed a death yak
 13895 | Lair:3   | Killed a death yak
 13898 | Lair:3   | Killed a death yak
 13906 | Lair:3   | Killed a death yak
 14824 | Lair:4   | Found a staircase to the Shoals.
 14841 | Lair:4   | Reached skill level 16 in Axes
 14841 | Lair:4   | Reached XP level 13. HP: 84/118 MP: 12/12
 15338 | Lair:4   | Found a hole to the Spider Nest.
 15363 | Lair:4   | Reached ***** piety under the Shining One
 15850 | Lair:5   | Found a runed translucent door.
 15853 | Lair:5   | Found a viscous altar of Jiyva.
 15856 | Lair:5   | Found a staircase to the Slime Pits.
 16136 | Lair:5   | Noticed Sonja
 16158 | Lair:5   | Found an ornate altar of the Wu Jian Council.
 16160 | Lair:5   | Found a hide-covered altar of Uskayaw.
 16785 | Lair:5   | Killed Sonja
 17894 | Lair:4   | Reached skill level 17 in Axes
 18273 | Lair:5   | Reached skill level 1 in Invocations
 18576 | Lair:6   | Entered Level 6 of the Lair of Beasts
 19036 | Lair:6   | Reached XP level 14. HP: 117/129 MP: 14/14
 20046 | Lair:6   | Reached skill level 18 in Axes
 20076 | Lair:6   | Reached ****** piety under the Shining One
 20595 | Lair:6   | Got a slimy ring mail
 20606 | Lair:6   | Identified the +1 ring mail "Voweet" {Str+6} (You found it
                  | on level 6 of the Lair of Beasts)
 21220 | D:12     | Identified the +6 whip of Awkwardness {vorpal, *Contam
                  | +Rage Int-4 Dex+9}
 21841 | D:13     | Reached skill level 5 in Invocations
 22229 | D:13     | Reached XP level 15. HP: 132/138 MP: 17/17
 23276 | D:14     | Reached skill level 19 in Axes
 23358 | D:14     | Found a gate to the Vaults.
 23473 | D:15     | Entered Level 15 of the Dungeon
 23590 | D:15     | Noticed Agnes
 23598 | D:15     | Killed Agnes
 23621 | D:15     | Found a staircase to the Depths.
 24035 | D:15     | Found Oxuin's Pet Rocks.
 25460 | Orc:1    | Entered Level 1 of the Orcish Mines
 25592 | Orc:2    | Entered Level 2 of the Orcish Mines
 25651 | Orc:2    | Found a staircase to the Elven Halls.
 25659 | Orc:2    | Found a roughly hewn altar of Beogh.
 25805 | Orc:2    | Found a burning altar of Makhleb.
 25812 | Orc:2    | Found Balu Umi's Armour Shoppe.
 25812 | Orc:2    | Noticed Nessos
 25845 | Orc:2    | Killed Nessos
 25858 | Orc:2    | Reached skill level 15 in Armour
 25861 | Orc:2    | Reached skill level 15 in Fighting
 25861 | Orc:2    | Reached XP level 16. HP: 83/149 MP: 20/20
 26260 | Orc:2    | Reached skill level 20 in Axes
 26306 | Orc:2    | Found Amahacoi's Jewellery Shoppe.
 26307 | Orc:2    | Found Tev Nauj's General Store.
 26317 | Orc:2    | Found Roarovap's General Store.
 26325 | Orc:2    | Bought a scroll of blinking for 105 gold pieces
 27456 | D:12     | Identified a scroll of acquirement
 27456 | D:12     | Acquired a manual of Invocations
 27630 | Spider:1 | Entered Level 1 of the Spider Nest
 29007 | Spider:2 | Noticed Nikola
 29029 | Spider:2 | Killed Nikola
 30458 | Spider:3 | Noticed Aizul
 30463 | Spider:3 | HP: 4/150 [Aizul (6)]
 30463 | Spider:3 | HP: 1/150 [demonic crawler (3)]
 30526 | Spider:3 | Reached skill level 10 in Invocations
 31833 | Spider:3 | Reached XP level 17. HP: 95/158 MP: 22/24
 31837 | Spider:3 | Killed Aizul
 32515 | Spider:4 | Entered Level 4 of the Spider Nest
 32589 | Spider:4 | Noticed Arachne
 32597 | Spider:4 | Identified the Incunabulum of Attacks
 32618 | Spider:4 | Killed Arachne
 32681 | Spider:4 | Reached skill level 15 in Dodging
 34304 | Spider:4 | Got a gossamer rune of Zot
 35046 | Elf:1    | Entered Level 1 of the Elven Halls
 35653 | Elf:1    | Found Roetun's Retail Resort.
 35666 | Elf:1    | Found a transporter.
 35679 | Elf:1    | Noticed a deep elf blademaster
 35680 | Elf:1    | Found a bloodstained altar of Trog.
 35693 | Elf:1    | Found a transporter.
 35693 | Elf:1    | Identified the +6 longbow of the Skies Above {venom, rElec
                  | Int-5 Dex+3}
 35693 | Elf:1    | Noticed a deep elf master archer
 35693 | Elf:1    | Identified the +4 rapier of Parts Unknown {vorpal, +Inv
                  | Str+3 Dex+4 Stlth-}
 35693 | Elf:1    | Identified the +9 rapier of Qywosoco {antimagic, Int+5}
 35693 | Elf:1    | Noticed a deep elf blademaster
 35693 | Elf:1    | Identified the +7 rapier of Tomorrow {flame, rElec}
 35693 | Elf:1    | Identified the +4 rapier "Puxaicyu" {antimagic, Int+6}
 35693 | Elf:1    | Noticed a deep elf blademaster
 35694 | Elf:1    | Noticed a deep elf blademaster
 35694 | Elf:1    | Noticed rrossfarrar's ghost (adept FeBe)
 35869 | Elf:1    | Found Waist's Jewellery Emporium.
 35869 | Elf:1    | Found Cibai's Gadget Boutique.
 35870 | Elf:1    | Found Yclog's Gadget Boutique.
 36276 | Elf:1    | Found Daxusiwk's Distillery.
 36284 | Elf:1    | Bought a potion of might for 44 gold pieces
 36284 | Elf:1    | Bought a potion of heal wounds for 55 gold pieces
 36748 | Elf:2    | Found a runed translucent gate.
 36750 | Elf:2    | Found a runed translucent gate.
 36756 | Elf:2    | Found a runed translucent gate.
 36879 | Elf:2    | Reached XP level 18. HP: 170/170 MP: 26/26
 37286 | Elf:2    | Noticed Louise
 37299 | Elf:2    | Killed Louise
 38247 | Elf:3    | Entered Level 3 of the Elven Halls
 39278 | Elf:3    | Identified the +3 chain mail of Midsummer {Rampage Int+3
                  | Dex+5} (You found it on level 3 of the Elven Halls)
 39280 | Elf:3    | Acquired the amulet "Unabann" {Reflect Str+4 SH+5}
 39338 | Elf:3    | Noticed a Tzitzimitl
 39357 | Elf:3    | Shot with an arrow by a deep elf master archer

Illustrated notes

Levels and vault maps discovered:
D:1:      dpeg_arrival_simpleton_a, layout_loops_ring, minmay_misc_feat_five,
          wad_floor_pattern_untrapped
D:2:      layout_basic, fedhas_ov_isle_minmay, kennysheep_slug_shrine
D:3:      cheibrodos_pilgrimage, layout_basic, old_standard_altar,
          grunt_decor_clamped
D:4:      layout_basic, grunt_temple_overflow_lords_of_destruction,
          minmay_stone_trees_small, uniq_grinder, uniq_ijyb
D:5:      layout_rooms, temple_fountains
D:6:      layout_gridville, basic_altar, serial_shops,
          nicolae_shop_temple_entry_statues_fountains, uniq_eustachio,
          uniq_edmund
D:7:      layout_gridville, grunt_temple_overflow_opulence,
          gammafunk_temple_overflow_pools, okawaru_gym_becter, serial_shops,
          shop, uniq_menkaure
D:8:      layout_loops_ring, elyvilon_altar_3, evilmike_ruin_ashenzari,
          old_standard_altar, gammafunk_ghost_split, kennysheep_pointless_box,
          minmay_fire_ice_demons
D:9:      layout_stronghold, st_stairs_3
D:10:     layout_basic, lair_entry_dummy, enter_bailey_4, kennysheep_diamond,
          minmay_another_anthill, uniq_erolcha
D:11:     minmay_blocky_corners, layout_irregular_city,
          portal_ice_cave_entry_animals_and_master, grunt_ministairs_7
D:12:     layout_basic, david_orc_3, grunt_potential
D:13:     layout_loops_cross, laboratory
D:14:     layout_rooms, skrybe_vaults_entry_preservation,
          minmay_misc_feat_encased
D:15:     gammafunk_depths_entry_grave, layout_long_grid, guppyfry_shop_earth,
          uniq_agnes
Temple:   jpeg_temple_island
Lair:1:   layout_cave_pods, grunt_megastairs_2
Lair:2:   layout_roguey, minmay_lindwurm_lava
Lair:3:   layout_regular_city, nicolae_quartered_pool_medium,
          infiniplex_staircase_pool, grunt_megastairs_5
Lair:4:   layout_regular_city, elwin_shoals_entry_stream, spider_nest_entry_a,
          kennysheep_rathole
Lair:5:   minmay_lair_oklob_tunnel, layout_long_grid, slime_altar_2,
          nzn_masters_of_martial_movement, uniq_sonja
Lair:6:   hangedman_lair_caniforms_friends, layout_concentric_octagons
Spider:1: layout_chambers
Spider:2: layout_spider_delve, einodemon_crawler_minivault, uniq_nikola
Spider:3: layout_spider_delve, uniq_aizul
Spider:4: spider_rune_water, uniq_arachne
Orc:1:    layout_caves
Orc:2:    st_orc_open, layout_diamond_mine, basic_altar, lemuel_statue_altar,
          uniq_nessos
Elf:1:    layout_onion_city, gammafunk_ghost_wrathful_warriors, serial_shops,
          nicolae_shop_temple_entry_statues_fountains,
          kennysheep_underground_church, nicolae_alphabet_shops,
          onia_ninara_cookie, minmay_shop_grove
Elf:2:    layout_geoelf_octagon, uniq_louise
Elf:3:    minmay_elf_hall_dome, layout_geoelf_castle, serial_corexii_hall,
          corexii_hall_statues_x, corexii_hall_statues_u

Skill      XL: |  1  2  3  4  5  6  7  8  9 10 11 12 13 14 15 16 17 18 |
---------------+-------------------------------------------------------+-----
Axes           | 3 4 5 6 7 9 11 12 14 16 17 18 19 20 | 20.1
Fighting       | 4 5 6 7 8 9 11 12 13 14 15 16 17 18 | 18.4
Armour         | 4 5 6 7 8 9 11 12 13 14 15 16 17 | 17.7
Dodging        | 1 2 3 4 5 7 8 9 10 11 12 13 14 15 16 | 16.1
Invocations    | 2 5 7 10 13 | 13.8
Shields        | |  3.6

Action                   |  1- 3 |  4- 6 |  7- 9 | 10-12 | 13-15 | 16-18 || total
-------------------------+-------+-------+-------+-------+-------+-------++-------
Melee: War axe           |    68 |   127 |   186 |   474 |   166 |       ||  1021
       Headbutt          |     9 |    26 |    34 |   102 |   211 |   207 ||   589
       Battleaxe         |       |       |       |       |   608 |   777 ||  1385
Invok: Divine Shield     |       |       |       |     3 |     1 |     3 ||     7
       Summon Divine War |       |       |       |       |       |     1 ||     1
Evoke: Wand              |       |       |       |       |     4 |       ||     4
  Use: Scroll            |       |       |    13 |     8 |    18 |    12 ||    51
       Potion            |       |       |     1 |     4 |     1 |     5 ||    11
Armor: Scale mail        |    37 |    55 |       |       |       |       ||    92
       Plate armour      |       |     6 |    76 |   168 |   350 |       ||   600
       Ring mail         |       |       |       |       |    77 |   211 ||   288
Dodge: Dodged            |    13 |    48 |    75 |   193 |   678 |   744 ||  1751
Block: Kite shield       |    21 |    60 |    87 |   218 |   120 |       ||   506
       Other             |       |       |       |       |       |    19 ||    19
